 Dungeon Crawl Stone Soup version 0.22-a0-525-gf69a080 (webtiles) character file.

71 kae the Ruffian (level 4, -9/36 HPs)
             Began as a Draconian Transmuter on June 21, 2018.
             Mangled by an orc warrior
             ... wielding a +0 scimitar
              (20 damage)
             ... on level 2 of the Dungeon.
             The game lasted 00:03:11 (2685 turns).

kae the Ruffian (Draconian Transmuter)              Turns: 2685, Time: 00:03:12

Health: -9/36      AC:  6    Str: 13    XL:     4   Next: 5%
Magic:  7/7        EV: 12    Int: 17    God:
Gold:   138        SH:  0    Dex: 12    Spells: 4/7 levels left

rFire    x . .     SeeInvis .   h - +0 short sword (venom)
rCold    + . .     Gourm    .   (no shield)
rNeg     . . .     Faith    .   (armour unavailable)
rPois    .         Spirit   .   (helmet restricted)
rElec    .         Reflect  .   (no cloak)
rCorr    .         Harm     .   (no gloves)
MR       .....                  e - +0 pair of boots
Stlth    +.........             (no amulet)
HPRegen  0.12/turn              i - +4 ring of intelligence
MPRegen  0.10/turn              m - ring of ice

@: no status effects
A: unfitting armour, cold-blooded, AC +5
a: no special abilities


You were on level 2 of the Dungeon.
You were hungry.

You visited 1 branch of the dungeon, and saw 2 of its levels.

You collected 138 gold pieces.

Inventory:

Hand Weapons
 h - a +0 short sword of venom (weapon)
Missiles
 a - 35 arrows
Armour
 e - a +0 pair of boots (worn)
Jewellery
 i - a +4 ring of intelligence (left hand)
 m - a ring of ice (right hand)
 s - an uncursed ring of magical power {unknown}
Scrolls
 f - 3 scrolls of magic mapping
 j - a scroll of immolation {unknown}
 k - a scroll of fear {unknown}
 l - 2 scrolls of fog {unknown}
 n - 2 scrolls of teleportation {unknown}
 o - a scroll of enchant armour {unknown}
Potions
 b - a potion of might {unknown}
 d - a potion of magic {unknown}
 g - a potion of curing {unknown}
 p - 3 potions of lignification {unknown}
 q - a potion of heal wounds {unknown}
Comestibles
 c - 8 rations


   Skills:
 + Level 1.8 Fighting
 + Level 2.2 Dodging
 * Level 3.6 Unarmed Combat
 + Level 2.2 Spellcasting
 * Level 2.8 Transmutations


You had 4 spell levels left.
You knew the following spells:

 Your Spells              Type           Power        Failure   Level  Hunger
a - Beastly Appendage     Tmut           ##....       6%          1    #......
b - Sticks to Snakes      Tmut           ##......     9%          2    ###....

Your spell library contained the following spells:

 Spells                   Type           Power        Failure   Level  Hunger
 Spider Form              Tmut/Pois      #.........   30%         3    ###....
 Blade Hands              Tmut           ##........   85%         5    ######.
 Ice Form                 Ice/Tmut       ##......     71%         4    #####..


Dungeon Overview and Level Annotations

Branches:
Dungeon (2/15)

Altars:


Innate Abilities, Weirdness & Mutations

Your plain brown scales are hard. (AC +5)
You cannot fit into any form of body armour.
You are cold-blooded and may be slowed by cold attacks.


Message History

The orc warrior hits you with a scimitar.
You see here a leather armour.
You see here 28 sling bullets.
All of the chunks of flesh in your inventory have rotted away.
The gnoll shouts!
You hear a shout!
The gnoll shouts! x2
The orc warrior hits you with a scimitar!
The gnoll shouts!
The gnoll closely misses you. The gnoll completely misses you.
The gnoll hits you but does no damage.
The gnoll hits you from afar with a spear.
The gnoll barely misses you.
As you read the scroll labeled KAIKOCHAIQE, it crumbles to dust.
You feel aware of your surroundings.
It was a scroll of magic mapping.
The gnoll hits you from afar with a spear!
* * * LOW HITPOINT WARNING * * *
The orc warrior hits you with a scimitar!!
Ouch! That really hurt!
You die...

#############........#
...##########........#
....#ggg...g.........#
......######.........#
......# ##...)...[# ......#
#........# .....g# #..g.....#
......# #...o....# ...g#.#
####@##### ....#.# #.#
.....>### #.#### ........##
#....#
......#..#######....#########
............................#
.......#.#..................#
.#.............#..#...#..#..#
..#..).#.#....#....#.#....#.#


You could see an orc warrior and 2 gnolls.

Vanquished Creatures
  3 adders (D:2)
  2 worms (D:2)
  A leopard gecko (D:2)
  4 bats
  3 goblins
  5 hobgoblins
  12 kobolds
  3 frilled lizards
  5 rats
38 creatures vanquished.

Notes
Turn   | Place    | Note
-------+----------+-------------------------------------------
     0 | D:1      | kae the Draconian Transmuter began the quest for the Orb.
     0 | D:1      | Reached XP level 1. HP: 16/16 MP: 3/3
   447 | D:1      | Reached XP level 2. HP: 23/23 MP: 5/5
  1570 | D:2      | Reached XP level 3. HP: 22/28 MP: 6/6
  1574 | D:2      | Learned a level 2 spell: Sticks to Snakes
  2494 | D:2      | Reached XP level 4. HP: 36/36 MP: 7/7
  2558 | D:2      | Noticed an orc warrior
  2685 | D:2      | Mangled by an orc warrior

Vault maps used:
D:1:      dpeg_arrival_another_circle, minmay_misc_feat_four_crosses,
          serial_park_tiny_1, minmay_misc_feat_pillars, minmay_liquid_box,
          grunt_decor_resistance, serial_bayou_ford_a, wad_floor_pattern_1
D:2:      wad_river_or_something, first_ration, minivault_11

Skill      XL: |  1  2 |
---------------+-------+-----
Dodging        | 2 |  2.2
Fighting       | |  1.8
Unarmed Combat | |  3.6
Spellcasting   | |  2.2
Transmutations | |  2.8

Action                   |  1- 3 |  4- 6 || total
-------------------------+-------+-------++-------
Melee: Unarmed           |    75 |       ||    75
       Tailslap          |    14 |     2 ||    16
       Headbutt          |     5 |       ||     5
       Kick              |     1 |       ||     1
       Short sword       |    76 |    12 ||    88
       Punch             |     1 |       ||     1
 Cast: Beastly Appendage |     6 |       ||     6
  Use: Scroll            |       |     1 ||     1
 Stab: Sleeping          |     1 |       ||     1
  Eat: Chunk             |     5 |       ||     5
Armor: Skin              |    65 |     7 ||    72
Dodge: Dodged            |    96 |    13 ||   109

Table legend:
 A = Spawn XP
 B = Non-spawn XP
 C = Spawn XP percentage of total XP
 D = Spawn monster count
 E = Non-spawn monster count
 F = Spawn count percentage of total count
 G = Total turns spent on level
                    A         B        C        D         E        F      G
               +---------+---------+-------+---------+---------+-------+---------
         Total |       0 |     102 |   0.0 |       0 |      38 |   0.0 |  2685
               +---------+---------+-------+---------+---------+-------+---------
           D:1 |       0 |      28 |   0.0 |       0 |      17 |   0.0 |  1950
           D:2 |       0 |      74 |   0.0 |       0 |      21 |   0.0 |   735
               +---------+---------+-------+---------+---------+-------+---------
